 Dungeon Crawl Stone Soup version 0.26-a0-661-g406de6ba63 (webtiles) character file.

Game seed: 5112212491880705334

1696 tacoguy the Skirmisher (level 8, -13/83 HPs)
             Began as a Troll Abyssal Knight on Oct 8, 2020.
             Was a Priest of Lugonu.
             Mangled by a wight
             ... wielding a +3 great sword
              (16 damage)
             ... on level 5 of the Dungeon.
             The game lasted 00:26:40 (6199 turns).

tacoguy the Skirmisher (Troll Abyssal Knight)       Turns: 6199, Time: 00:26:40

Health: -13/83     AC:  6    Str: 22 (24) XL:     8   Next: 72%
Magic:  8/8        EV:  9    Int:  7 (8)  God:    Lugonu [***...]
Gold:   274        SH:  0    Dex: 11 (12) Spells: 7/7 levels left

rFire    x . .     SeeInvis .   d - +1 dagger (venom)
rCold    + . .     Faith    .   (no shield)
rNeg     . . .     Spirit   .   b - +0 robe
rPois    .         Reflect  .   (helmet restricted)
rElec    .         Harm     .   (no cloak)
rCorr    .         Rampage  .   (gloves unavailable)
MR       .....                  (boots unavailable)
Stlth    ++........             (no amulet)
HPRegen  0.63/turn              t - ring of ice
MPRegen  0.11/turn              (no ring)

@: very heavily drained
A: large, unfitting armour, claws 3, thin skeletal structure 1, blurry vision 1,
regeneration 1, shaggy fur 1, strong 1, tough skin 3
a: Depart the Abyss, Bend Space, Banish, Renounce Religion


You were on level 5 of the Dungeon.
You worshipped Lugonu.
Lugonu was most pleased with you.
You visited 1 branch of the dungeon, and saw 6 of its levels.
You visited the Abyss 1 time.

You collected 274 gold pieces.

Inventory:

Hand Weapons
 d - a +1 dagger of venom (weapon)
Armour
 b - a +0 robe (worn)
Jewellery
 t - a ring of ice (left claw)
Wands
 l - a wand of acid (9)
Scrolls
 e - a scroll of blinking {unknown}
 h - a scroll of fear {unknown}
 i - 5 scrolls of teleportation
 j - 2 scrolls of remove curse
 q - a scroll of fog {unknown}
 u - a scroll of noise {unknown}
 v - a scroll of immolation {unknown}
 w - a scroll of random uselessness {unknown}
Potions
 f - 2 potions of haste
 g - 2 potions of flight
 n - a potion of degeneration


   Skills:
 + Level 5.9(1.3) Fighting
   Level 1.9(0.0) Maces & Flails
 + Level 5.1(0.6) Armour
 + Level 5.6(1.1) Dodging
 - Level 1.6(0.0) Invocations


You had 7 spell levels left.
You didn't know any spells.
Your spell library was empty.

Dungeon Overview and Level Annotations

Branches:
Dungeon (6/15)             Temple (0/1) D:5

Altars:
Dithmenos
Gozag
Hepliaklqana
Sif Muna
Trog
Uskayaw
Xom
The Shining One

Shops:
D:4 [


Innate Abilities, Weirdness & Mutations

You are too large for most types of armour.
You have claws for hands.
Your natural rate of healing is unusually fast.
You are covered in fur. (AC +1)
You have extremely tough skin. (AC +3)
You have a somewhat thin skeletal structure. (Dex +2, Stealth)
Scrolls take you a little longer to read.
Your muscles are strong. (Str +2)


Message History

You bump into the rock wall.
You feel less invigorated.
You feel less confused. The wight hits you with a +0 mace.
* * * LOW HITPOINT WARNING * * *
The wight closely misses you.
You closely miss the wight.
The wight is severely damaged.
The wight hits you with a +0 mace!
* * * LOW HITPOINT WARNING * * *
You feel drained.
* * * LOW HITPOINT WARNING * * *
The wight hits you but does no damage.
Unknown command.
You barely miss the wight.
The wight is severely damaged.
The wight barely misses you.
You hit the wight but do no damage.
The wight is severely damaged.
The wight hits you with a +3 great sword!
You die...

#.....##..#.#######.###.####.#
#.######..#.######>#.##.#(##.#
#.# #..#.##>...###....#...#
#.# #..#..#.###.#.##.###..#
..# ##..##..........=##
##.#### ### #.<......###....##
##..[. # #..............#.##
##...## #
#...##.#.####..##.###<.#.# #
###.##...z@z[..###.#.)...## #
#.####.###..............) #
###.###...##....###.#....## #
#...............# #.##.#.# #
#.#####...##.##.# #.##.#.# #
#.# ##.###.##.###.##.#.# # #.#
#.# #.##........#.# # #.#
#.###.######.####.# #######.#
#...........<####.#


You could see 2 wights.

Vanquished Creatures
  Grinder (D:5)
  A water moccasin (D:5)
  Duvessa (D:4)
  An ice beast (D:6)
  3 ogres
  2 phantoms (D:5)
  A scorpion (D:5)
  Dowan (D:4)
  A wight (D:5)
  3 hounds
  A quasit (D:5)
  2 iguanas
  5 orc wizards
  Terence (D:3)
  4 worker ants
  A hound zombie (D:5)
  A hound skeleton (D:4)
  5 adders
  2 shadow imps
  2 white imps (D:5)
  An ooze (D:1)
  An adder skeleton (D:5)
  2 worms
  3 leopard geckos
  13 orcs
  4 giant cockroaches
  8 goblins
  8 hobgoblins
  6 jackals
  9 kobolds
  3 quokkas
  A ball python (D:5)
  5 bats
  6 frilled lizards
  A leopard gecko skeleton (D:5)
  A quokka skeleton (D:5)
  9 rats
120 creatures vanquished.

Notes
Turn   | Place    | Note
-------+----------+-------------------------------------------
     0 | Abyss:1  | tacoguy the Troll Abyssal Knight began the quest for the
                  | Orb.
     0 | Abyss:1  | Reached XP level 1. HP: 22/22 MP: 1/1
     8 | D:1      | Escaped the Abyss
   121 | D:1      | Reached XP level 2. HP: 26/29 MP: 2/2
   132 | D:1      | Reached * piety under Lugonu
   804 | D:1      | Reached XP level 3. HP: 36/36 MP: 3/3
   817 | D:1      | Reached skill level 1 in Armour
  1448 | D:2      | Found a glowing golden altar of the Shining One.
  1617 | D:2      | Reached XP level 4. HP: 45/45 MP: 4/4
  1858 | D:3      | Noticed Terence
  1871 | D:3      | Killed Terence
  1871 | D:3      | Reached ** piety under Lugonu
  2076 | D:3      | Found an opulent altar of Gozag.
  2207 | D:3      | Found a shadowy altar of Dithmenos.
  2278 | D:3      | Reached XP level 5. HP: 49/53 MP: 5/5
  2437 | D:4      | Found Fysiycao's Antique Armour Shoppe.
  2770 | D:4      | Got a translucent ivory ring
  2772 | D:4      | Identified the ring of Kanodwuq {+Fly rPois MR+ Dex-4
                  | Stlth+} (You found it on level 4 of the Dungeon)
  2792 | D:4      | Found a bloodstained altar of Trog.
  2792 | D:4      | Found a hide-covered altar of Uskayaw.
  2793 | D:4      | Found a hazy altar of Hepliaklqana.
  2863 | D:4      | Noticed Duvessa
  2864 | D:4      | Noticed Dowan
  2868 | D:4      | Noticed an ogre
  2871 | D:4      | Killed Dowan
  2883 | D:4      | Reached XP level 6. HP: 33/62 MP: 6/6
  3157 | D:4      | Killed Duvessa
  3431 | D:5      | Entered Level 5 of the Dungeon
  3445 | D:5      | Reached XP level 7. HP: 68/71 MP: 7/7
  3511 | D:5      | Found a shimmering blue altar of Sif Muna.
  3579 | D:5      | Found a staircase to the Ecumenical Temple.
  3609 | D:5      | Reached *** piety under Lugonu
  3652 | D:5      | Noticed Grinder
  3694 | D:5      | Killed Grinder
  3979 | D:5      | Reached skill level 5 in Fighting
  4096 | D:5      | Found a shimmering altar of Xom.
  4112 | D:5      | Reached XP level 8. HP: 80/80 MP: 8/8
  4927 | D:5      | Reached skill level 5 in Dodging
  5736 | D:6      | Got a wizard robe
  5747 | D:6      | Identified the cursed +0 robe of Zin {rF- Int+9} (You found
                  | it on level 6 of the Dungeon)
  5820 | D:6      | Reached skill level 5 in Armour
  5987 | D:5      | HP: 4/83 [wight/+1 battleaxe (8)]
  6007 | D:5      | HP: 3/83 [wight/+1 battleaxe (7)]
  6010 | D:5      | Gained mutation: You have a somewhat thin skeletal
                  | structure. (Dex +2, Stealth) [potion of mutation]
  6010 | D:5      | Gained mutation: Scrolls take you a little longer to read.
                  | [potion of mutation]
  6010 | D:5      | Gained mutation: Your muscles are strong. (Str +2) [potion
                  | of mutation]
  6197 | D:5      | HP: 1/83 [wight/+0 mace (4)]
  6199 | D:5      | Mangled by a wight

Illustrated notes

Levels and vault maps discovered:
D:1:      evilmike_arrival_come_back, layout_basic
D:2:      minmay_wonky_spiral, layout_basic, tso_altar, chequers_arboretum,
          minmay_tetromino_l4
D:3:      layout_basic, lemuel_doored_altar, nicolae_overflow_crystal_walls,
          uniq_terence
D:4:      layout_basic, gammafunk_temple_overflow_claw, kennysheep_small_circle,
          uniq_duvessa
D:5:      layout_loops_ring, lemuel_coloured_pillars_altar,
          overflow_temple_1_default, minmay_temple_entry_enclosed_plants,
          uniq_grinder
D:6:      layout_rooms, marbit_many_paths, serial_shops,
          nicolae_shop_competitors_out_of_business, uniq_menkaure

Skill      XL: |  1  2  3  4  5  6  7  8 |
---------------+-------------------------+-----
Dodging        | 2 3 4 5 |  5.6
Armour         | 1 2 3 4 5 |  5.1
Fighting       | 3 4 5 |  5.9
Maces & Flails | |  1.9
Invocations    | |  1.6

Action                   |  1- 3 |  4- 6 |  7- 9 || total
-------------------------+-------+-------+-------++-------
Melee: Mace              |    17 |       |       ||    17
       Dagger            |   115 |   127 |   463 ||   705
Invok: Depart the Abyss  |     1 |       |       ||     1
  Use: Scroll            |     1 |     5 |     2 ||     8
       Potion            |       |       |    18 ||    18
 Stab: Sleeping          |       |     2 |     1 ||     3
Armor: Robe              |    55 |    50 |   131 ||   236
       Skin              |       |       |    18 ||    18
Dodge: Dodged            |    71 |    84 |   237 ||   392

Table legend: (Time is in decaauts)
 A = Elapsed time spent in this place.
 B = Non-inter-level travel time spent in this place.
 C = Inter-level travel time spent in this place.
 D = Time resting spent in this place.
 E = Time spent auto-exploring this place.
 F = Levels seen in this place.
 G = Mean time per level.
                   A        B        C        D        E       F      G
               +--------+--------+--------+--------+--------+-----+--------+
         Total |   6189 |   5845 |    344 |   1791 |   2186 |   7 |  884.1 |
       Dungeon |   6181 |   5837 |    344 |   1791 |   2178 |   6 | 1030.2 |
         Abyss |      8 |      8 |      0 |      0 |      8 |   1 |    8.0 |
               +--------+--------+--------+--------+--------+-----+--------+

Top non-repeatable levels by time:
     D:5: 2355 daAuts
     D:1: 1202 daAuts
     D:4: 1001 daAuts
     D:2: 627 daAuts
     D:3: 592 daAuts
     D:6: 401 daAuts
 Abyss:1: 8 daAuts
